Map: Jagannatha LE

Players

Massa

  • Race: Terran Terran
  • League: Platinum
  • Spawn Location: 1:00

Wsen - Winner!

  • Race: Protoss Protoss
  • League: Platinum
  • Spawn Location: 7:00

VOD

Have the link to the VOD?

Description

Time

  • Played on: Dec. 29, 2020, 12:33 p.m.
  • Length: 11:23
Show
View Real Time Build Order
Export as new Build Order

Massa Terran 

Build Orders: Reaper Expand 

Get SALT Encoding   

  12  0:00  SCV  
  13  0:12  SCV  
  14  0:20  Supply Depot  
  14  0:24  SCV  
  15  0:42  SCV, Barracks  
  16  0:48  Refinery  
  16  0:54  SCV  
  17  1:08  SCV  
  19  1:41  Orbital Command  
  19  1:44  Command Center  
  18  1:51  Reaper  
  18  2:18  SCV  
  19  2:23  Marine  
  20  2:30  SCV  
  20  2:32  Supply Depot  
  21  2:42  SCV  
  22  2:46  Factory  
  22  2:54  SCV  
  23  3:00  Orbital Command  
  23  3:01  Barracks Tech Lab  
  23  3:07  SCV  
  24  3:19  SCV  
  25  3:24  Marauder  
  26  3:29  Command Center  
  26  3:32  Engineering Bay  
  26  3:33  SCV x2  
  28  3:36  Factory Tech Lab  
  28  3:45  Starport  
  28  3:50  Marine  
  28  3:52  Stimpack  
  29  3:57  SCV  
  29  3:59  Refinery  
  30  4:03  SCV  
  30  4:08  Marine  
  30  4:09  SCV  
  33  4:12  Missile Turret  
  33  4:15  SCV  
  33  4:16  Missile Turret  
  34  4:21  Missile Turret  
  34  4:26  Marine  
  34  4:28  Cyclone  
  38  4:33  Refinery  
  38  4:41  Barracks  
  38  4:42  Supply Depot  
  38  4:43  Supply Depot  
  38  4:44  Marine  
  39  4:49  Medivac  
  39  4:52  SCV  
  42  4:54  SCV  
  42  4:55  SCV  
  44  5:04  SCV  
  44  5:06  Marine  
  44  5:07  SCV x2  
  47  5:09  Widow Mine  
  50  5:16  SCV, Terran Infantry Weapons Level 1  
  51  5:22  Medivac  
  53  5:30  Barracks Reactor  
  53  5:49  Cyclone  
  56  5:54  Marine  
  57  5:59  SCV  
  57  6:00  SCV x2  
  60  6:04  Refinery  
  60  6:10  Command Center  
  60  6:11  Marine x3  
  61  6:12  SCV x3  
  61  6:17  Barracks  
  61  6:18  Barracks  
  66  6:24  SCV  
  67  6:29  Marine x3  
  70  6:34  Combat Shield  
  70  6:46  Marine x2  
  71  6:48  Marauder  
  71  6:51  SCV x2  
  76  7:03  SCV  
  77  7:11  Marine  
  77  7:15  SCV  
  77  7:17  Marine  
  77  7:22  SCV, Marauder  
  74  7:35  Planetary Fortress  
  70  7:38  SCV x2  
  70  7:44  Marauder, Marine x4  
  75  7:49  Supply Depot  
  75  7:50  SCV x2  
  80  7:52  Supply Depot x2  
  80  7:53  Concussive Shells  
  80  7:59  Sensor Tower  
  80  8:01  Marine  
  80  8:02  SCV x2, Marine  
  80  8:05  Marauder  
  86  8:06  Sensor Tower  
  86  8:10  Terran Infantry Armor Level 1  
  86  8:14  SCV  
  86  8:18  Supply Depot  
  87  8:20  Barracks Reactor  
  87  8:26  Marauder  
  89  8:39  Missile Turret  
  89  8:48  Marauder  
  91  8:49  Starport Reactor  
  91  8:56  SCV  
  91  8:57  SCV x3  
  95  9:08  SCV  
  95  9:09  SCV x3  
  99  9:12  Missile Turret  
  99  9:15  Marauder  
  99  9:16  Marine x5  
  106  9:20  SCV  
  106  9:21  SCV x2  
  110  9:29  Armory, Engineering Bay  
  109  9:32  SCV  
  109  9:33  SCV x2, Marine  
  109  9:34  Barracks Tech Lab, Marine x2  
  109  9:36  Medivac x2  
  109  9:37  Marauder  
  121  9:46  Refinery x2  
  121  9:55  SCV x2  
  121  9:56  SCV, Planetary Fortress  
  121  9:58  Missile Turret  
  124  10:02  Sensor Tower  
  124  10:04  Missile Turret  
  124  10:17  Supply Depot x2  
  124  10:19  Supply Depot x3  
  124  10:20  Supply Depot x2  
  124  10:26  Command Center, Missile Turret  
  124  10:32  Medivac  
  124  10:34  Marauder, Medivac  
  122  10:36  Siege Tank  
  122  10:37  Ghost Academy  
  122  10:40  Supply Depot  
  122  10:42  Supply Depot x2  
  122  10:43  Supply Depot  
  101  10:56  Marauder  
Show
View Real Time Build Order
Export as new Build Order

Wsen Protoss - Winner!

Build Orders: 1 Gate Expand, Archon Immortal 

Get SALT Encoding   

  12  0:00  Probe  
  13  0:12  Probe  
  14  0:19  Pylon  
  14  0:24  Probe  
  15  0:37  Probe  
  15  0:41  Gateway  
  16  0:48  Assimilator  
  16  0:49  Probe (Chrono Boost)  
  17  1:02  Probe (Chrono Boost)  
  18  1:12  Probe  
  19  1:31  Nexus  
  19  1:40  Probe, Cybernetics Core  
  20  1:53  Probe  
  21  2:01  Pylon  
  21  2:04  Assimilator  
  21  2:05  Probe  
  22  2:17  Probe  
  23  2:29  Probe  
  24  2:33  Robotics Facility  
  24  2:36  Assimilator  
  24  2:41  Probe  
  24  2:44  Stalker (Chrono Boost)  
  25  2:50  Warp Gate  
  26  2:52  Probe  
  26  2:53  Probe  
  28  3:06  Adept  
  29  3:24  Probe x2  
  31  3:29  Observer  
  32  3:35  Gateway  
  32  3:37  Gateway x2  
  32  3:39  Probe  
  32  3:40  Probe  
  34  3:50  Observer  
  35  3:57  Probe x2  
  37  4:09  Probe x2  
  39  4:12  Nexus  
  39  4:13  Twilight Council  
  39  4:19  Observer  
  43  4:24  Immortal  
  43  4:31  Probe x2  
  43  4:36  Pylon  
  45  4:41  Observer  
  45  4:43  Probe  
  46  5:07  Immortal  
  46  5:14  Templar Archives  
  50  5:15  Probe x2  
  50  5:19  Assimilator  
  50  5:20  Zealot  
  54  5:24  Probe  
  54  5:27  Probe x2  
  57  5:32  Pylon  
  57  5:33  Charge  
  57  5:35  Pylon  
  57  5:36  Probe  
  57  5:39  Probe  
  59  5:45  Forge  
  59  5:48  Pylon  
  59  5:57  Psionic Storm  
  59  6:01  Assimilator  
  59  6:02  Probe x3, Assimilator  
  62  6:10  Observer  
  62  6:11  Immortal  
  62  6:14  Probe x3  
  62  6:17  Zealot  
  71  6:26  Probe x3  
  74  6:36  Stalker x2  
  74  6:37  Stalker  
  74  6:38  Probe x2  
  82  6:40  Stalker  
  82  6:44  Probe  
  85  6:50  Probe x2, Warp Prism  
  89  6:56  Probe  
  90  7:02  Zealot  
  90  7:15  Zealot x3  
  86  7:26  Observer  
  77  7:35  Probe x3  
  80  7:43  Stalker  
  80  7:44  Stalker x3  
  86  7:47  Probe x2  
  90  7:54  Gateway  
  90  7:55  Gateway  
  90  7:58  Gateway  
  90  8:01  Gateway  
  90  8:02  Pylon  
  90  8:05  Pylon  
  90  8:07  Pylon  
  90  8:09  Zealot  
  90  8:10  Pylon  
  90  8:20  Immortal  
  90  8:23  Zealot x3  
  96  8:38  Blink (Chrono Boost)  
  96  8:42  Protoss Ground Weapons Level 1  
  96  8:44  High Templar  
  96  8:45  High Templar x3  
  102  8:48  Nexus  
  102  8:51  Archon  
  102  8:52  Archon  
  102  8:57  Zealot x4  
  108  9:13  Assimilator  
  108  9:15  Assimilator  
  108  9:17  Probe x3  
  108  9:18  Pylon  
  108  9:20  Pylon  
  108  9:22  Pylon, Zealot x5  
  108  9:23  Zealot x2  
  125  9:36  Probe x2, Warp Prism  
  129  9:40  High Templar  
  129  9:44  High Templar  
  133  9:47  High Templar x2  
  133  9:51  Zealot x4  
  145  9:54  Probe x2  
  145  9:55  Probe  
  145  9:58  Pylon  
  145  9:59  Pylon  
  148  10:01  Pylon  
  148  10:14  Probe x2  
  148  10:15  Probe x2  
  148  10:19  Nexus  
  148  10:21  Pylon  
  152  10:22  Pylon  
  152  10:24  Pylon  
  152  10:27  Assimilator  
  152  10:32  Assimilator  
  120  11:00  Zealot x2  
  120  11:01  Zealot x6  
  130  11:09  Archon x2  
Tags
 
Add a new tag
Caveats
  • Supply blocks, unpowered buildings, or Contaminate may cause inaccurate times.
  • Supply counts are checked every 10 seconds.